Map: Altitude LE

Players

Claudius - Winner!

  • Race: Terran Terran
  • Spawn Location: 7:00

winzboy

  • Race: Protoss Protoss
  • League: Gold
  • Spawn Location: 1:00

VOD

Have the link to the VOD?

Description

Time

  • Played on: May 27, 2023, 3:37 a.m.
  • Length: 8:53
Show
View Real Time Build Order
Export as new Build Order

Claudius Terran - Winner!

Build Orders: Reaper Expand 

Get SALT Encoding   

  12  0:00  SCV  
  13  0:12  SCV  
  14  0:17  Supply Depot  
  14  0:24  SCV  
  15  0:39  SCV  
  15  0:42  Barracks  
  16  0:44  Refinery  
  16  0:51  SCV  
  17  1:03  SCV  
  18  1:15  SCV  
  19  1:28  Orbital Command  
  19  1:30  Reaper  
  20  1:41  Command Center  
  20  1:52  Supply Depot  
  20  1:55  SCV  
  21  2:02  Marine  
  21  2:07  SCV  
  23  2:16  Factory  
  23  2:18  Refinery  
  23  2:19  SCV  
  24  2:25  Barracks Reactor  
  24  2:32  SCV  
  24  2:36  Bunker  
  25  2:44  SCV  
  26  2:54  Orbital Command  
  26  2:56  SCV  
  27  3:00  Marine  
  27  3:01  Marine  
  27  3:02  Widow Mine  
  27  3:03  Starport  
  31  3:08  SCV  
  32  3:21  SCV  
  32  3:23  SCV  
  32  3:24  Marine x2  
  32  3:25  Widow Mine  
  38  3:33  SCV  
  39  3:35  SCV  
  40  3:41  Medivac  
  40  3:42  Marine x2  
  40  3:45  SCV  
  40  3:47  SCV  
  46  4:01  Supply Depot  
  46  4:05  Command Center  
  46  4:06  SCV  
  46  4:11  Factory Tech Lab  
  46  4:12  Starport Tech Lab  
  46  4:22  Marine x2, Supply Depot, SCV x2  
  46  4:24  Supply Depot  
  50  4:28  Barracks  
  50  4:32  Barracks  
  50  4:35  SCV x2  
  52  4:44  Siege Tank  
  55  4:47  SCV x2  
  57  4:58  Marine x2  
  57  4:59  SCV  
  60  5:03  SCV  
  60  5:06  Raven  
  63  5:10  Supply Depot  
  63  5:11  SCV, Supply Depot  
  63  5:12  Refinery  
  63  5:13  Engineering Bay  
  64  5:15  SCV, Marine  
  64  5:16  Marine  
  64  5:19  Siege Tank  
  70  5:23  SCV, Barracks Tech Lab x2  
  70  5:27  Orbital Command, SCV  
  72  5:35  SCV  
  73  5:38  Marine x2  
  73  5:39  SCV  
  73  5:40  Medivac  
  73  5:42  Stimpack  
  78  5:47  SCV  
  78  5:49  Supply Depot  
  79  5:51  SCV  
  80  6:02  Marine x2  
  80  6:03  Marine, Marauder  
  83  6:04  Combat Shield  
  83  6:06  Siege Tank  
  83  6:08  SCV  
  83  6:12  Orbital Command  
  83  6:13  Barracks, SCV  
  83  6:14  Barracks  
  84  6:20  SCV, Marine x2  
  84  6:25  Marine x2  
  89  6:33  Refinery  
  89  6:35  Terran Infantry Weapons Level 1  
  89  6:38  Marine x2, Siege Tank, SCV x2  
  89  6:39  SCV  
  97  6:40  Supply Depot  
  97  6:43  Marine, Supply Depot, Marauder  
  97  6:45  Supply Depot  
  97  6:47  Supply Depot  
  100  6:50  SCV  
  100  6:51  SCV  
  102  6:56  Marine x2  
  102  6:59  SCV  
  102  7:01  Marine  
  106  7:02  Barracks Reactor, Barracks Tech Lab  
  106  7:04  Marine  
  107  7:09  Medivac  
  107  7:10  SCV  
  107  7:11  SCV  
  107  7:13  Marine  
  107  7:14  Marine  
  107  7:15  Siege Tank  
  116  7:16  SCV  
  116  7:19  Marauder  
  116  7:21  Refinery  
  121  7:22  Marauder  
  121  7:23  SCV x2, Refinery  
  121  7:25  Supply Depot  
  123  7:31  Marine x2  
  123  7:34  Concussive Shells  
  123  7:35  Marine  
  126  7:40  Marine  
  129  7:44  Marauder  
  129  7:45  SCV x3, Armory  
  129  7:49  Marine x2  
  129  7:50  Marine x2, Command Center  
  136  7:53  Marauder  
  136  7:57  SCV x2  
  136  7:58  Marine  
  141  8:02  Medivac, Siege Tank  
  141  8:03  SCV  
  149  8:05  Marauder  
  149  8:07  Marine x2, Supply Depot  
  149  8:08  Marine x2  
  149  8:09  SCV  
  149  8:10  SCV, Supply Depot  
  155  8:12  Supply Depot  
  155  8:14  Marauder  
  155  8:17  Barracks  
  157  8:20  Barracks  
  157  8:21  Ghost Academy  
  157  8:28  Marine x4, SCV x2  
  157  8:29  Marauder  
  157  8:31  Marine  
Show
View Real Time Build Order
Export as new Build Order

winzboy Protoss 

Build Orders: 1 Gate Expand 

Get SALT Encoding   

  12  0:02  Probe  
  13  0:18  Pylon  
  13  0:20  Probe  
  14  0:37  Gateway  
  14  0:46  Probe (Chrono Boost)  
  15  0:51  Assimilator  
  15  0:56  Probe (Chrono Boost)  
  16  1:01  Probe (Chrono Boost)  
  17  1:13  Probe  
  18  1:25  Probe  
  19  1:28  Cybernetics Core  
  19  1:39  Nexus  
  19  1:46  Probe  
  20  1:56  Warp Gate  
  20  1:58  Probe  
  21  2:06  Assimilator  
  21  2:10  Probe  
  21  2:16  Adept (Chrono Boost)  
  23  2:30  Pylon  
  23  2:39  Probe  
  23  2:51  Probe  
  23  2:52  Probe  
  25  3:03  Probe  
  25  3:04  Probe  
  27  3:06  Gateway  
  27  3:10  Gateway  
  27  3:16  Probe  
  26  3:20  Probe  
  27  3:28  Probe  
  27  3:29  Stalker (Chrono Boost)  
  27  3:32  Probe  
  30  3:40  Probe  
  31  3:44  Probe  
  31  3:52  Probe  
  31  3:55  Pylon  
  31  3:56  Probe, Stalker (Chrono Boost)  
  31  3:57  Pylon  
  34  4:02  Stalker  
  34  4:04  Probe  
  34  4:09  Probe  
  38  4:16  Probe  
  39  4:21  Probe  
  40  4:36  Robotics Facility  
  40  4:39  Probe (Chrono Boost)  
  40  4:40  Probe (Chrono Boost), Pylon  
  42  4:46  Twilight Council  
  42  4:47  Sentry  
  42  4:50  Probe x2 (Chrono Boost), Stalker  
  48  4:54  Assimilator  
  48  4:56  Assimilator  
  42  5:14  Stalker x2  
  44  5:15  Stalker  
  48  5:24  Observer  
  49  5:43  Stalker  
  49  5:44  Stalker x2  
  50  6:14  Probe (Chrono Boost)  
  51  6:22  Charge (Chrono Boost)  
  51  6:24  Probe (Chrono Boost)  
  52  6:29  Probe (Chrono Boost)  
  53  6:34  Probe  
  54  6:40  Probe  
  54  6:41  Zealot  
  54  6:43  Observer  
  54  6:46  Probe  
  59  6:51  Stalker  
  59  6:52  Probe  
  62  7:04  Probe  
  63  7:16  Probe, Nexus  
  63  7:20  Pylon  
  64  7:23  Zealot  
  66  7:33  Probe x2  
  68  7:45  Probe x2  
  68  7:51  Zealot, Templar Archives  
  70  7:52  Zealot  
  70  7:57  Probe x2  
  76  7:59  Stalker  
  78  8:11  Pylon  
  78  8:12  Pylon  
  78  8:30  Probe  
  78  8:31  Probe  
  78  8:34  Probe  
  81  8:44  Zealot  
Tags
 
Add a new tag
Caveats
  • Supply blocks, unpowered buildings, or Contaminate may cause inaccurate times.
  • Supply counts are checked every 10 seconds.